 Dungeon Crawl Stone Soup version 0.28-a0-991-g956f0ee3d5 (webtiles) character file.

Game seed: 17674484617193001332

92 wotkd0121004 the Digger (level 4, -1/27 HPs)
             Began as an Octopode Earth Elementalist on Dec 4, 2021.
             Slain by Natasha (6 damage)
             ... on level 2 of the Dungeon.
             The game lasted 00:03:38 (2844 turns).

wotkd0121004 the Digger (OpEE)                      Turns: 2844, Time: 00:03:38

Health: -1/27      AC:  1    Str:  7    XL:     4   Next: 60%
Magic:  1/8        EV: 13    Int: 19    God:
Gold:   117        SH:  0    Dex: 12    Spells: 8/9 levels left

rFire   . . .      SeeInvis .   g - +2 whip (elec)
rCold   . . .      Faith    .   (no shield)
rNeg    . . .      Spirit   .   (helmet restricted)
rPois   .          Reflect  .   (no amulet)
rElec   .          Harm     .   m - ring of resist corrosion
rCorr   +          Rampage  .   (no ring)
Will    .....                   (no ring)
Stlth   +++.......              (no ring)
HPRegen 0.09/turn               (no ring)
MPRegen 0.11/turn               (no ring)
                                (no ring)
                                (no ring)

@: no status effects
A: almost no armour, amphibious, 8 rings, camouflage 1, gelatinous body 1,
(nimble swimmer 1), tentacles
a: no special abilities


You were on level 2 of the Dungeon.
You visited 1 branch of the dungeon, and saw 2 of its levels.

You collected 117 gold pieces.

Inventory:

Hand Weapons
 c - a +0 club
 d - a +0 dagger
 g - a +2 whip of electrocution (weapon)
Missiles
 b - 46 stones
 p - 12 poisoned darts
Jewellery
 m - a ring of resist corrosion (left tentacle)
Scrolls
 a - a scroll of fog {unknown}
 e - a scroll of vulnerability {unknown}
 i - 2 scrolls of noise
 j - a scroll of magic mapping {unknown}
 n - a scroll of torment {unknown}
 o - a scroll of enchant armour {unknown}
Potions
 f - a potion of mutation {unknown}
 h - a potion of haste {unknown}
 k - a potion of flight {unknown}
 l - 3 potions of curing {unknown}


   Skills:
 + Level 2.2 Dodging
 + Level 3.4 Stealth
 * Level 3.0 Spellcasting
 * Level 2.0 Transmutations
 * Level 3.6 Earth Magic


You had 8 spell levels left.
You knew the following spells:

 Your Spells              Type           Power      Damage    Failure   Level
a - Sandblast             Erth           32%        2d9       3%          1

Your spell library contained the following spells:

 Spells                   Type           Power      Damage    Failure   Level
 Passwall                 Tmut/Erth      10%        N/A       7%          2
 Stone Arrow              Conj/Erth      18%        3d8       22%         3
 Petrify                  Tmut/Erth      13%        N/A       43%         4


Dungeon Overview and Level Annotations

Branches:
Dungeon (2/15)

Altars:

Annotations:
D:2 Natasha


Innate Abilities, Weirdness & Mutations

You cannot wear most types of armour.
You are amphibious.
You can wear up to eight rings at the same time.
Your skin changes colour to match your surroundings (Stealth+).
Your rubbery body absorbs attacks. (AC +1, EV +1)
((You are camouflaged near water. (Stealth+)))
You have tentacles for arms and can constrict up to eight enemies at once.


Message History

Press: ? - help, Shift-Dir - straight line, f/p - hobgoblin
Aim: a hobgoblin (79% to hit)
The blast of sand hits the hobgoblin.
The hobgoblin is almost dead.
The hobgoblin hits you.
Natasha casts a spell.
Casting: Sandblast (safe; 3% risk of failure)
Confirm with . or Enter, or press ? or * to list all spells.
Aiming: Sandblast (safe; 3% risk of failure)
Press: ? - help, Shift-Dir - straight line, f/p - hobgoblin
Aim: a hobgoblin (almost dead, 79% to hit)
The blast of sand hits the hobgoblin!
You kill the hobgoblin!
Unknown command.
Casting: Sandblast (safe; 3% risk of failure)
Confirm with . or Enter, or press ? or * to list all spells.
Aiming: Sandblast (safe; 3% risk of failure)
Press: ? - help, Shift-Dir - straight line, f - rat
Aim: a rat (79% to hit)
The blast of sand hits the rat.
You kill the rat!
Natasha casts a spell at you. The magic dart hits you!
* * * LOW HITPOINT WARNING * * *
Casting: Sandblast (safe; 3% risk of failure)
Confirm with . or Enter, or press ? or * to list all spells.
Aiming: Sandblast (safe; 3% risk of failure)
Press: ? - help, Shift-Dir - straight line, f - Natasha
Aim: Natasha (74% to hit)
The blast of sand misses Natasha.
Unknown command.
Casting: Sandblast (safe; 3% risk of failure)
Confirm with . or Enter, or press ? or * to list all spells.
Aiming: Sandblast (safe; 3% risk of failure)
Press: ? - help, Shift-Dir - straight line, f/p - Natasha
Aim: Natasha (74% to hit)
The blast of sand hits Natasha!
Natasha is heavily wounded.
Natasha claws you.
You die...

##.##
#########.# #.#
#.# #.# #.# #.#
#.. #.########
### #........#
#.######.# ##
#.# . #@# #
##h## #..
#.##.5.## #..
.#!......# #..
.###............
#..........#####
#.#.#...5...#
#.!.#.....#.#
.###....##..


You could see Natasha and 2 crimson imps.

Vanquished Creatures
  2 adders (D:2)
  An ufetubus (D:2)
  2 dart slugs
  7 ball pythons
  2 bats (D:1)
  4 endoplasms
  4 giant cockroaches
  5 goblins
  6 hobgoblins
  4 jackals (D:1)
  7 kobolds
  4 quokkas
  5 frilled lizards
  7 rats
60 creatures vanquished.

Notes
Turn   | Place    | Note
-------+----------+-------------------------------------------
     0 | D:1      | wotkd0121004 the Octopode Earth Elementalist began the
                  | quest for the Orb.
     0 | D:1      | Reached XP level 1. HP: 11/11 MP: 3/3
   241 | D:1      | Reached XP level 2. HP: 11/17 MP: 5/5
   898 | D:1      | Reached XP level 3. HP: 17/21 MP: 6/6
  1670 | D:1      | Found a faded altar of an unknown god.
  2189 | D:2      | Reached XP level 4. HP: 22/27 MP: 8/8
  2832 | D:2      | Noticed Natasha
  2844 | D:2      | Slain by Natasha

Illustrated notes

Levels and vault maps discovered:
D:1:      dpeg_arrival_erosion, layout_basic,
          shapermc_ecumenical_altar_mp_vishouse, serial_bayou_pond_c,
          minmay_cupped
D:2:      layout_loops_ring, minmay_pentomino_v4, uniq_natasha

Skill      XL: |  1  2  3  4 |
---------------+-------------+-----
Stealth        | 3 |  3.4
Transmutations | 2 |  2.0
Spellcasting   | 3 |  3.0
Dodging        | |  2.2
Earth Magic    | |  3.6

Action                   |  1- 3 |  4- 6 || total
-------------------------+-------+-------++-------
Melee: Club              |    15 |       ||    15
       Constrict         |    22 |     3 ||    25
       Tentacles         |    14 |     3 ||    17
       Unarmed           |     3 |       ||     3
       Dagger            |    17 |       ||    17
       Whip              |    53 |    18 ||    71
 Cast: Sandblast         |     7 |    13 ||    20
  Use: Scroll            |       |     1 ||     1
 Stab: Sleeping          |    16 |     2 ||    18
Armor: Skin              |     6 |       ||     6
Dodge: Dodged            |    66 |    12 ||    78

Table legend: (Time is in decaauts)
 A = Elapsed time spent in this place.
 B = Non-inter-level travel time spent in this place.
 C = Inter-level travel time spent in this place.
 D = Time resting spent in this place.
 E = Time spent auto-exploring this place.
 F = Levels seen in this place.
 G = Mean time per level.
                   A        B        C        D        E       F      G
               +--------+--------+--------+--------+--------+-----+--------+
         Total |   2853 |   2805 |     48 |      0 |   2408 |   2 | 1426.5 |
       Dungeon |   2853 |   2805 |     48 |      0 |   2408 |   2 | 1426.5 |
               +--------+--------+--------+--------+--------+-----+--------+

Top non-repeatable levels by time:
     D:1: 2036 daAuts
     D:2: 816 daAuts
